 Dungeon Sprint DCSS version 0.21.1-1-g345015f (webtiles) character file.

204807 Mgcat the Champion of Chaos (level 18, 0/210 HPs)
             Began as a Deep Dwarf Fighter on Feb 8, 2018.
             Was the Champion of Makhleb.
             Slain by a guardian mummy
             ... wielding a +3 trident of piercing
              (16 damage)
             ... in the Dungeon (Sprint V: "Ziggurat Sprint").
             The game lasted 00:22:32 (2260 turns).

Mgcat the Champion of Chaos (Deep Dwarf Fighter)    Turns: 2260, Time: 00:22:33

Health: 0/210      AC: 43    Str: 22      XL:     18   Next: 40%
Magic:  22/22      EV: 22    Int: 10      God:    Makhleb [******]
Gold:   0          SH: 40    Dex: 23 (24) Spells: 27/27 levels left

rFire    + . .     SeeInvis +   Q - +14 obsidian axe {chop, +Fly SInv *Curse} (curse)
rCold    + + +     Gourm    .   J - +18 shield of the Gong {rElec rN+ MR+ EV-5}
rNeg     + + +     Faith    .   I - +15 Maxwell's patent armour {-Cast -Tele rElec MR+ rCorr}
rPois    +         Spirit   .   c - +0 helmet "Dileikhligg" {rPois rF+ MR- Dex+3}
rElec    +         Reflect  +   (no cloak)
rCorr    +         Harm     .   (no gloves)
MR       +++..     NoTele   +   B - +2 pair of boots of the Assassin {Detection Stab+ Stlth++} Stlth ++++......NoCast +
                                T - +5 amulet of reflection
HPRegen  0.00/turn              y - ring of Omevas {+Inv rElec rC+++ Dex+5 Stlth-}
MPRegen  0.18/turn              b - ring "Nify" {Wiz rElec rN+ Str+5}

@: lethally poisoned (0 -> 0), flayed, mesmerised, non-regenerating, diseased,
slowed, studying 2 skills, very slow
A: damage resistance, heal wounds, deterioration 1, dopey 1, low mp 1, negative
energy resistance 1, sense surroundings 3, weak 2, MP-powered wands, no
regeneration
a: Heal Wounds, Minor Destruction, Lesser Servant of Makhleb, Major Destruction,
Greater Servant of Makhleb, Renounce Religion, Evoke Invisibility, Evoke Flight


You were in the Dungeon.
You worshipped Makhleb.
Makhleb was exalted by your worship.
You were not hungry.

You visited 1 branch

Inventory:

Hand Weapons
 Q - the cursed +14 obsidian axe (weapon) {chop, +Fly SInv *Curse}
   (You found it in the Dungeon)

   It inflicts extra damage upon your enemies.
   It lets you see invisible.
   It lets you fly.
   It curses itself when equipped.
   It has a curse placed upon it.
Armour
 c - the +0 helmet "Dileikhligg" (worn) {rPois rF+ MR- Dex+3}
   (You found it in the Dungeon)

   It affects your dexterity (+3).
   It protects you from fire.
   It protects you from poison.
   It affects your resistance to hostile enchantments.
 B - the +2 pair of boots of the Assassin (worn) {Detection Stab+ Stlth++}
   (You found it in the Dungeon)

   It makes you much more stealthy.
 I - the +15 Maxwell's patent armour (worn) {-Cast -Tele rElec MR+ rCorr}
   (You found it in the Dungeon)

   It insulates you from electricity.
   It affects your resistance to hostile enchantments.
   It prevents spellcasting.
   It prevents most forms of teleportation.
   It protects you from acid and corrosion.
 J - the +18 shield of the Gong (worn) {rElec rN+ MR+ EV-5}
   (You found it in the Dungeon)

   It affects your evasion (-5).
   It insulates you from electricity.
   It protects you from negative energy.
   It affects your resistance to hostile enchantments.
Jewellery
 b - the ring "Nify" (right hand) {Wiz rElec rN+ Str+5}
   (You found it in the Dungeon)

   [ring of wizardry]

   It improves your spell success rate.
   It affects your strength (+5).
   It insulates you from electricity.
   It protects you from negative energy.
 y - the ring of Omevas (left hand) {+Inv rElec rC+++ Dex+5 Stlth-}
   (You found it in the Dungeon)

   [ring of dexterity]

   It affects your dexterity (+5).
   It renders you almost immune to cold.
   It insulates you from electricity.
   It lets you turn invisible.
   It makes you less stealthy.
 M - the amulet "Yfesoxex" {Harm *Drain rF+ rC+ Dex+2 Stlth-}
   (You found it in the Dungeon)

   [amulet of harm]

   It increases damage dealt and taken.
   It affects your dexterity (+2).
   It protects you from fire.
   It protects you from cold.
   It causes draining when unequipped.
   It makes you less stealthy.
 P - the ring of the Meadowlark {rPois rF+++ rN+ Str-5 Dex+2}
   (You found it in the Dungeon)

   [ring of poison resistance]

   It affects your strength (-5).
   It affects your dexterity (+2).
   It renders you almost immune to fire.
   It protects you from poison.
   It protects you from negative energy.
 T - a +5 amulet of reflection (around neck)
   (You found it in the Dungeon)
Wands
 F - a wand of disintegration (7)
   (You found it in the Dungeon)
 G - a wand of iceblast (7)
   (You found it in the Dungeon)
 H - a wand of acid (7)
   (You found it in the Dungeon)
Scrolls
 k - 4 scrolls of blinking {!r}
 q - 4 scrolls of amnesia
 r - 7 scrolls of fog
 s - 2 scrolls of holy word {!r}
 t - 4 scrolls of identify
 u - 5 scrolls of remove curse
 v - 2 scrolls of fear
 V - 2 scrolls of brand weapon
 X - 6 scrolls of enchant armour
Potions
 d - 8 potions of might
 e - 10 potions of curing
 g - 21 potions of heal wounds
 h - 13 potions of haste
 i - 7 potions of magic
 j - 2 potions of berserk rage {!q}
 l - 2 potions of brilliance
 m - 2 potions of invisibility
 n - 4 potions of resistance
 p - 5 potions of agility
Books
 x - a manual of Polearms {!d}
   (You found it in the Dungeon)
 D - a manual of Poison Magic {!d}
   (You found it in the Dungeon)
Miscellaneous
 z - 2 boxes of beasts
 C - a lightning rod (4/4)
   (You found it in the Dungeon)
 E - a crystal ball of energy
   (You found it in the Dungeon)
 K - a fan of gales
   (You found it in the Dungeon)
 O - 4 phantom mirrors
 R - a lamp of fire
   (You found it in the Dungeon)
 S - a phial of floods
   (You found it in the Dungeon)
 U - a sack of spiders
Comestibles
 f - 9 rations
 A - 2 chunks of flesh {@w0}


   Skills:
 + Level 24.5 Fighting
 + Level 26.9 Axes
 + Level 26.9 Armour
 + Level 26.8 Dodging
 - Level 18.8 Stealth
 + Level 21.4 Shields
 + Level 5.4 Spellcasting
 O Level 27 Invocations


You had 27 spell levels left.
You didn't know any spells.

Dungeon Overview and Level Annotations

Branches:
Dungeon (1/1)

Altars:
Ashenzari
Cheibriados
Dithmenos
Elyvilon
Fedhas
Gozag
Hepliaklqana
Kikubaaqudgha
Makhleb
Nemelex Xobeh
Okawaru
Qazlal
Ru
Sif Muna
Trog
Uskayaw
Vehumet
Wu Jian
Xom
Yredelemnul
Zin
The Shining One
Beogh
Jiyva
Lugonu


Innate Abilities, Weirdness & Mutations

You are resistant to damage.
You can heal yourself by infusing magical energy.
You resist negative energy. (rN+)
You passively map a large area around you.
You do not regenerate.
Your body sometimes deteriorates upon taking damage.
You are dopey. (Int -2)
Your magical capacity is low. (-10% MP)
You are very weak. (Str -4)
You expend magic power (3 MP) to strengthen your wands.


Message History

The emperor scorpion convulses! x4
You feel much better.
You are engulfed in dark miasma.
You feel your flesh rotting away!
* * * LOW HITPOINT WARNING * * *
The chaos spawn degenerates into a cloud of primal chaos!
The bat zombie is engulfed in seething chaos.
The bat zombie flickers and vanishes for a moment.
You block the jiangshi's attack.
GONNNNG!
You block the jiangshi's attack.
BOUMMMMG!
The bat zombie is engulfed in seething chaos.
The flying skull completely misses you.
The ushabti shakes and rattles deafeningly!
The guardian mummy barely misses you. You block the jiangshi's attack.
PTOANNNG!
The jiangshi claws you but does no damage.
The flying skull hits you but does no damage.
The greater mummy mumbles some strange words.
The greater mummy calls on the powers of darkness!
The emperor scorpion convulses!
Your body is wracked with pain!
* * * LOW HITPOINT WARNING * * *
The mana viper convulses!
The emperor scorpion convulses!
The mana viper convulses! x2; The emperor scorpion convulses!
The mana viper convulses! x2; The emperor scorpion convulses! x3
The bat zombie is engulfed in seething chaos.
The bat zombie suddenly stops moving!
A mummy and a zombie come into view.
Your magical essence is drained by the effort!
You feel much better.
Visions of slaying the jiangshi flood into your mind.
The mana viper disappears in a puff of smoke!
The bat zombie is engulfed in seething chaos. x2
You block the jiangshi's attack.
GONNNNG!
You block the jiangshi's attack.
GONNNNG!
The flying skull closely misses you.
The bat zombie is engulfed in seething chaos.
You block the jiangshi's attack.
GONNNNG!
The jiangshi claws you!
* * * LOW HITPOINT WARNING * * *
The emperor scorpion misses you. The emperor scorpion barely misses you.
The emperor scorpion claws you but does no damage.
The guardian mummy hits you from afar with a +3 trident of piercing!!
* * * LOW HITPOINT WARNING * * *
You block the flayed ghost's attack.
BONNNG!
The greater mummy gestures wildly while chanting.
The flying skull barely misses you.
The bat zombie is engulfed in seething chaos.
The greater mummy gestures at you while chanting.
Something smites you!
* * * LOW HITPOINT WARNING * * *
You block the jiangshi's attack.
SHROANNG!
The jiangshi barely misses you.
The ushabti shakes and rattles.
The vile air hits the wight.
The vile air hits the guardian mummy.
The vile air hits the emperor scorpion.
The vile air hits you!
The ushabti shakes and rattles.
The vile air hits the mummy.
The vile air hits the emperor scorpion.
The vile air hits the flying skull.
The vile air hits you!
The emperor scorpion is engulfed in dark miasma.
The emperor scorpion dies!
The emperor scorpion's corpse disappears in a puff of smoke!
The emperor scorpion is engulfed in dark miasma.
The emperor scorpion is poisoned.
The flayed ghost cries, "Feel what I felt!"
You block the guardian mummy's attack.
GONNNNG!
A guardian mummy comes into view.
You feel much better.
Visions of slaying the emperor scorpion flood into your mind.
You are engulfed in dark miasma.
You feel as though you will be slow longer.
* * * LOW HITPOINT WARNING * * *
The emperor scorpion dies!
The emperor scorpion's corpse disappears in a puff of smoke!
You block the jiangshi's attack.
PTOANNNG!
You block the jiangshi's attack.
BONNNG!
The flying skull misses you. You block the flayed ghost's attack.
BONNNG!
The ushabti shakes and rattles.
The vile air hits the guardian mummy.
The vile air hits the flying skull.
The vile air hits the emperor scorpion.
The vile air hits you!
The greater mummy casts a spell.
The greater mummy mumbles some strange words.
The greater mummy calls on the powers of darkness!
The emperor scorpion convulses! x6; The mana viper convulses!
Your body is wracked with pain!
* * * LOW HITPOINT WARNING * * *
The mana viper convulses!
The emperor scorpion convulses!
The mana viper convulses! x2; You block the flying skull's attack.
BONNNG!
The guardian mummy hits you from afar with a +3 trident of piercing!
You die... ▓▓▓▓▓▓▓ * * 8 ,ZZ......▓ ,MsMzs?:.▓ , , MMM8M344▓ , , , MMMs8Z8M▓ ,, )M.3sMMzM▓ , , .MMM8ZzM3▓ ,, , ,.MMMMsMs§▓ ,, ZMWMsVSz@▓ , .zZ4MS.VW▓

* ,..s4.▓ZZMS▓ *,
.....▓S▓..Z▓
.......▓....▓
................▓
.................▓
.................▓
.▓..........▓....▓


You could see 7 greater mummies, 8 emperor scorpions, a mummy priest, 2
jiangshi, a soul eater, a flayed ghost, 4 mana vipers, 2 hellwings, 6 guardian
mummies, 4 ushabtiu, a sixfirhy, a smoke demon, a hungry ghost, a chaos spawn, a
red devil, 3 flying skulls, 13 mummies, 2 wights, a leopard gecko simulacrum, a
ball python simulacrum, 2 bat zombies, an adder zombie, a quokka zombie, a giant
cockroach zombie and an adder skeleton.

Vanquished Creatures
  2 shard shrikes (shapeshifter) (D)
  4 golden dragons (D)
  A lich (D)
  A deep elf master archer (D)
  5 quicksilver dragons (D)
  3 quicksilver dragons (shapeshifter) (D)
  A deep elf blademaster (D)
  A titan (shapeshifter) (D)
  3 acid blobs (shapeshifter) (D)
  5 acid blobs (D)
  4 shadow dragons (D)
  2 thorn hunters (D)
  A storm dragon (shapeshifter) (D)
  4 azure jellies (D)
  An emperor scorpion (D)
  A fire giant (shapeshifter) (D)
  2 frost giants (shapeshifter) (D)
  3 deep elf sorcerers (D)
  7 iron dragons (D)
  A ghost moth (D)
  2 ghost moths (shapeshifter) (D)
  A deep elf elementalist (D)
  8 spriggan defenders (D)
  A stone giant (D)
  2 very ugly things (D)
  An entropy weaver (shapeshifter) (D)
  An apis (D)
  4 deep elf annihilators (D)
  A dire elephant (shapeshifter) (D)
  2 dire elephants (D)
  A spark wasp (shapeshifter) (D)
  3 spark wasps (D)
  2 crystal guardians (D)
  2 merfolk javelineers (D)
  An ettin (shapeshifter) (D)
  6 death oozes (D)
  3 fire dragons (D)
  A merfolk impaler (D)
  A great orb of eyes (D)
  2 yaktaur captains (D)
  3 deep elf high priests (D)
  3 ice dragons (D)
  An ice dragon (shapeshifter) (D)
  6 hydras (D)
  A hydra (shapeshifter) (D)
  4 spriggan air magi (D)
  2 anacondas (D)
  A merfolk aquamancer (D)
  3 dancing weapons (D)
  A satyr (D)
  A satyr (shapeshifter) (D)
  11 spriggan berserkers (D)
  2 thrashing horrors (D)
  2 hell hogs (D)
  6 iron golems (D)
  2 deep elf knights (D)
  4 spriggan druids (D)
  A large abomination (D)
  A fire crab (shapeshifter) (D)
  3 death drakes (D)
  A sea snake (D)
  2 sea snakes (shapeshifter) (D)
  A wizard (D)
  7 swamp dragons (D)
  A harpy (D)
  2 deep elf archers (D)
  2 glowing orange brains (shapeshifter) (D)
  4 shambling mangroves (D)
  5 deep elf magi (D)
  A mana viper (shapeshifter) (D)
  2 orb spiders (D)
  A faun (D)
  7 shining eyes (D)
  5 wolf spiders (D)
  A shining eye (shapeshifter) (D)
  A cyclops (shapeshifter) (D)
  A cyclops (D)
  4 ugly things (D)
  A manticore (D)
  A moth of wrath (D)
  A wolf spider (shapeshifter) (D)
  A water nymph (D)
  A vault sentinel (D)
  A guardian serpent (shapeshifter) (D)
  A moth of wrath (shapeshifter) (D)
  2 black mambas (shapeshifter) (D)
  2 water nymphs (shapeshifter) (D)
  A gargoyle (D)
  2 torpor snails (D)
  A rime drake (shapeshifter) (D)
  3 eyes of devastation (D)
  A hellion (D)
  2 rime drakes (D)
  A yaktaur (D)
  2 yaktaurs (shapeshifter) (D)
  5 dryads (D)
  2 komodo dragons (shapeshifter) (D)
  2 demonic crawlers (D)
  A merfolk (shapeshifter) (D)
  3 ancient zymes (D)
  A red devil (D)
  3 jumping spiders (D)
  A meliai (shapeshifter) (D)
  2 merfolk (D)
  15 hornets (D)
  A hornet (shapeshifter) (D)
  A polar bear (shapeshifter) (D)
  A raiju (shapeshifter) (D)
  4 wind drakes (D)
  3 slime creatures (D)
  2 slime creatures (shapeshifter) (D)
  2 hippogriffs (D)
  A dream sheep (shapeshifter) (D)
  A hippogriff (shapeshifter) (D)
  A shadow (D)
  3 redbacks (shapeshifter) (D)
  2 air elementals (D)
  A small abomination (D)
  A flying skull (D)
  8 redbacks (D)
  A spriggan (shapeshifter) (D)
  7 spriggans (D)
  A hog (shapeshifter) (D)
  5 tarantellas (D)
  A tarantella (shapeshifter) (D)
  2 water elementals (D)
  A fire bat (shapeshifter) (D)
  A basilisk (shapeshifter) (D)
  2 wyverns (D)
  A chaos spawn (D)
  A yak (shapeshifter) (D)
  3 yaks (D)
  2 golden eyes (D)
  A golden eye (shapeshifter) (D)
  4 steam dragons (D)
  3 neqoxecs (D)
  A naga (shapeshifter) (D)
  2 nagas (D)
  A soldier ant (shapeshifter) (D)
  4 acid dragons (D)
  2 floating eyes (shapeshifter) (D)
  A swamp drake (D)
  A black bear (shapeshifter) (D)
  A sky beast (shapeshifter) (D)
  2 orc warriors (D)
  3 centaurs (D)
  A centaur (shapeshifter) (D)
  A bullfrog (D)
  6 earth elementals (D)
  A wight (D)
  A crimson imp (D)
  An orc wizard (D)
  3 iron imps (D)
  A mummy (D)
  2 adders (D)
  An ufetubus (D)
  An adder skeleton (D)
  An orc (D)
  2 bat skeletons (D)
  2 bat zombies (D)
  A jackal (D)
  A ball python (shapeshifter) (D)
  A ball python (D)
  A jackal skeleton (D)
  A leopard gecko zombie (D)
  2 crawling corpses (D)
379 creatures vanquished.

Vanquished Creatures (collateral kills)
  A deep elf master archer (D)
  A quicksilver dragon (shapeshifter) (D)
  A shadow dragon (D)
  An azure jelly (shapeshifter) (D)
  An emperor scorpion (D)
  A spriggan defender (D)
  An entropy weaver (D)
  A deep elf annihilator (D)
  A spark wasp (D)
  A minotaur (shapeshifter) (D)
  A merfolk impaler (D)
  3 death oozes (D)
  A great orb of eyes (D)
  A hydra (D)
  A yaktaur captain (D)
  A spriggan air mage (D)
  An anaconda (shapeshifter) (D)
  A centaur warrior (D)
  A dancing weapon (D)
  A spriggan berserker (D)
  An iron golem (D)
  A wretched star (D)
  A glowing orange brain (D)
  A harpy (shapeshifter) (D)
  A mana viper (shapeshifter) (D)
  A cyclops (D)
  A wolf spider (shapeshifter) (D)
  5 wolf spiders (D)
  2 orb spiders (D)
  2 ugly things (D)
  2 shining eyes (D)
  A faun (D)
  2 guardian serpents (shapeshifter) (D)
  An elephant (shapeshifter) (D)
  A black mamba (D)
  2 water nymphs (shapeshifter) (D)
  A spiny frog (shapeshifter) (D)
  2 rime drakes (D)
  A gargoyle (D)
  2 yaktaurs (shapeshifter) (D)
  A dryad (D)
  A komodo dragon (shapeshifter) (D)
  2 demonic crawlers (D)
  A guardian mummy (D)
  An ancient zyme (D)
  A jumping spider (D)
  2 red devils (D)
  A merfolk (D)
  3 hornets (D)
  A blink frog (shapeshifter) (D)
  4 slime creatures (D)
  A flying skull (D)
  A redback (D)
  A tarantella (D)
  A yak (D)
  2 steam dragons (D)
  A warg (shapeshifter) (D)
  A water moccasin (D)
  A floating eye (shapeshifter) (D)
  2 orc warriors (D)
  2 black bears (D)
  2 swamp drakes (D)
  3 centaurs (D)
  A quasit (D)
  A white imp (D)
  An ufetubus (D)
  A ball python (D)
  4 butterflies (D)
97 creatures vanquished.

Vanquished Creatures (others)
  A deep elf master archer (D)
  A deep elf archer (D)
  A steam dragon (D)
  2 bat zombies (D)
  A leopard gecko simulacrum (D)
  A briar patch (D)
7 creatures vanquished.

Grand Total: 483 creatures vanquished

Notes
Turn   | Place    | Note
-------+----------+-------------------------------------------
     0 | D        | Found the +6 Majin-Bo {vamp, Archmagi MP+6 Int+6}
     0 | D        | Found the +7 great mace "Firestarter" {inner flame, rF++}
     0 | D        | Mgcat the Deep Dwarf Fighter began the quest for the Orb.
     0 | D        | Reached XP level 1. HP: 20/20 MP: 1/1
     0 | D        | Found a deep blue altar of Sif Muna.
     0 | D        | Found a sacrificial altar of Ru.
     0 | D        | Found a bloodstained altar of Trog.
     0 | D        | Found a stormy altar of Qazlal.
     0 | D        | Found an iron altar of Okawaru.
     0 | D        | Found a sparkling altar of Nemelex Xobeh.
     0 | D        | Found a blossoming altar of Fedhas.
     2 | D        | Found a transporter.
     2 | D        | Found an ancient bone altar of Kikubaaqudgha.
     2 | D        | Found a viscous altar of Jiyva.
     2 | D        | Found a corrupted altar of Lugonu.
     2 | D        | Found a hazy altar of Hepliaklqana.
     2 | D        | Found a burning altar of Makhleb.
     2 | D        | Found an opulent altar of Gozag.
    23 | D        | Found the +9 heavy crossbow "Sniper" {velocity, Acc+∞ SInv}
    23 | D        | Found the +10 dark maul {crush}
    23 | D        | Found the +15 Maxwell's patent armour {-Cast -Tele rElec MR+ rCorr}
    23 | D        | Found the +18 shield of the Gong {rElec rN+ MR+ EV-5}
    23 | D        | Found the cursed +14 obsidian axe {chop, +Fly SInv *Curse}
    25 | D        | Found the +6 shillelagh "Devastator" {shatter}
    25 | D        | Found the +11 plutonium sword {*Contam Stlth-}
    25 | D        | Found the +8 lance "Wyrmbane" {slay drac, rPois rF+ rC+ AC+3}
    25 | D        | Found the +9 sword of Zonguldrok {reap}
    25 | D        | Found the cursed +13 scythe of Curses {drain, *Curse}
    25 | D        | Found the +0 sword of Power
    25 | D        | Found the -2 mace of Variability {chaos}
    25 | D        | Found the +7 Singing Sword
    25 | D        | Found the +7 longbow "Piercer" {penet, EV-2}
    55 | D        | Became a worshipper of Makhleb the Destroyer
   111 | D        | Entered arena 2.
   111 | D        | Noticed a bullfrog
   111 | D        | Found a transporter.
   112 | D        | Killed a bullfrog
   112 | D        | Reached skill level 4 in Fighting
   112 | D        | Reached skill level 4 in Axes
   112 | D        | Reached skill level 4 in Armour
   112 | D        | Reached skill level 3 in Dodging
   112 | D        | Reached skill level 4 in Shields
   112 | D        | Reached XP level 2. HP: 30/30 MP: 2/2
   112 | D        | Reached XP level 3. HP: 36/36 MP: 3/3
   116 | D        | Reached skill level 5 in Fighting
   116 | D        | Reached skill level 6 in Axes
   116 | D        | Reached skill level 6 in Armour
   116 | D        | Reached skill level 5 in Dodging
   116 | D        | Reached skill level 6 in Shields
   116 | D        | Reached XP level 4. HP: 46/46 MP: 4/4
   127 | D        | Entered arena 3.
   127 | D        | Found a transporter.
   129 | D        | Reached * piety under Makhleb
   131 | D        | Reached skill level 1 in Invocations
   131 | D        | Reached XP level 5. HP: 55/55 MP: 4/6
   136 | D        | Got the ring "Hoinos" {rPois Str+2}
   147 | D        | Entered arena 4.
   147 | D        | Noticed a polar bear
   147 | D        | Noticed a yaktaur captain
   147 | D        | Noticed a yaktaur captain
   147 | D        | Noticed a vault sentinel
   147 | D        | Found a transporter.
   153 | D        | Killed a polar bear
   153 | D        | Reached ** piety under Makhleb
   153 | D        | Reached skill level 6 in Fighting
   153 | D        | Reached skill level 7 in Axes
   153 | D        | Reached skill level 7 in Armour
   153 | D        | Reached skill level 6 in Dodging
   153 | D        | Reached skill level 7 in Shields
   153 | D        | Reached skill level 4 in Invocations
   153 | D        | Reached XP level 6. HP: 48/63 MP: 6/9
   155 | D        | Killed a yaktaur captain
   155 | D        | Reached skill level 7 in Fighting
   155 | D        | Reached skill level 9 in Axes
   155 | D        | Reached skill level 9 in Armour
   155 | D        | Reached skill level 8 in Dodging
   155 | D        | Reached skill level 9 in Shields
   155 | D        | Reached skill level 7 in Invocations
   155 | D        | Reached XP level 7. HP: 65/72 MP: 6/12
   155 | D        | Reached XP level 8. HP: 72/80 MP: 6/13
   157 | D        | Killed a yaktaur captain
   157 | D        | Reached skill level 8 in Fighting
   157 | D        | Reached skill level 9 in Dodging
   157 | D        | Reached skill level 8 in Invocations
   158 | D        | Killed a vault sentinel
   158 | D        | Reached *** piety under Makhleb
   158 | D        | Reached skill level 10 in Armour
   158 | D        | Reached skill level 10 in Shields
   158 | D        | Reached skill level 9 in Invocations
   158 | D        | Gained mutation: You passively map the area around you. [Deep Dwarf growth]
   158 | D        | Reached XP level 9. HP: 81/90 MP: 6/15
   163 | D        | Got the +0 helmet "Dileikhligg" {rPois rF+ MR- Dex+3}
   318 | D        | Entered arena 5.
   318 | D        | Noticed a rime drake
   318 | D        | Noticed a rime drake
   318 | D        | Found a transporter.
   321 | D        | Killed a rime drake
   321 | D        | Reached skill level 10 in Axes
   324 | D        | Killed a rime drake
   324 | D        | Reached **** piety under Makhleb
   324 | D        | Reached skill level 9 in Fighting
   324 | D        | Reached skill level 10 in Dodging
   328 | D        | Got the ring "Kota Boo" {rCorr *Contam rPois Dex+3 SInv}
   332 | D        | Entered arena 6.
   332 | D        | Found a transporter.
   335 | D        | Reached skill level 10 in Invocations
   337 | D        | Reached skill level 11 in Shields
   337 | D        | Reached ***** piety under Makhleb
   345 | D        | Entered arena 7.
   346 | D        | Found a transporter.
   352 | D        | Reached skill level 11 in Armour
   358 | D        | Reached skill level 11 in Axes
   363 | D        | Entered arena 8.
   363 | D        | Noticed a green ugly thing
   363 | D        | Noticed a shining eye
   363 | D        | Noticed a cyan ugly thing
   363 | D        | Noticed a purple ugly thing
   363 | D        | Noticed a brown ugly thing
   364 | D        | Found a transporter.
   370 | D        | Killed a shining eye
   370 | D        | Reached XP level 10. HP: 99/99 MP: 16/18
   370 | D        | Killed a cyan ugly thing
   370 | D        | Reached skill level 11 in Dodging
   370 | D        | Reached skill level 11 in Invocations
   370 | D        | Killed a cyan ugly thing
   370 | D        | Reached ****** piety under Makhleb
   372 | D        | Killed a purple ugly thing
   372 | D        | Reached skill level 10 in Fighting
   374 | D        | Killed a purple ugly thing
   383 | D        | Entered arena 9.
   384 | D        | Found a transporter.
   387 | D        | Reached skill level 12 in Shields
   391 | D        | Reached skill level 12 in Armour
   391 | D        | Reached skill level 12 in Invocations
   393 | D        | Reached skill level 12 in Axes
   399 | D        | Got the ring "Qonliu" {MP+9 Int+4}
   402 | D        | Entered arena 10.
   402 | D        | Noticed a black mamba
   403 | D        | Found a transporter.
   407 | D        | Killed a black mamba
   414 | D        | Reached skill level 12 in Dodging
   421 | D        | Entered arena 11.
   421 | D        | Noticed a shining eye
   421 | D        | Noticed a cyan ugly thing
   421 | D        | Noticed a shining eye
   421 | D        | Noticed a shining eye
   422 | D        | Found a transporter.
   428 | D        | Killed a shining eye
   429 | D        | Killed a shining eye
   429 | D        | Reached XP level 11. HP: 110/110 MP: 20/20
   431 | D        | Killed a cyan ugly thing
   434 | D        | Reached skill level 13 in Invocations
   436 | D        | Gained mutation: You are weak. (Str -2) [a shining eye]
   438 | D        | Killed a shining eye
   453 | D        | Identified a +0 pair of boots of running (You found it in the Dungeon)
   454 | D        | Entered arena 12.
   454 | D        | Noticed a deep elf master archer
   455 | D        | Noticed a yaktaur captain
   455 | D        | Noticed a centaur warrior
   456 | D        | Found a transporter.
   459 | D        | Reached skill level 11 in Fighting
   460 | D        | Reached skill level 13 in Shields
   462 | D        | Killed a yaktaur captain
   462 | D        | Reached skill level 13 in Armour
   464 | D        | Reached skill level 13 in Axes
   466 | D        | Killed a deep elf master archer
   466 | D        | Reached skill level 13 in Dodging
   470 | D        | Killed a centaur warrior
   470 | D        | Reached skill level 14 in Invocations
   488 | D        | Entered arena 13.
   488 | D        | Noticed a spriggan druid
   488 | D        | Noticed a spriggan berserker
   488 | D        | Noticed a spriggan berserker
   488 | D        | Noticed a shambling mangrove
   489 | D        | Noticed a spriggan defender
   489 | D        | Noticed a spriggan berserker
   489 | D        | Noticed a dire elephant
   490 | D        | Found a transporter.
   494 | D        | Killed a spriggan berserker
   500 | D        | Killed a spriggan berserker
   502 | D        | Killed a shambling mangrove
   504 | D        | Killed a spriggan druid
   504 | D        | Reached skill level 12 in Fighting
   504 | D        | Reached skill level 14 in Shields
   508 | D        | Reached skill level 14 in Axes
   510 | D        | Killed a dire elephant
   510 | D        | Reached skill level 14 in Armour
   510 | D        | Reached XP level 12. HP: 122/122 MP: 18/23
   521 | D        | Reached skill level 15 in Invocations
   522 | D        | Killed a spriggan defender
   522 | D        | Reached skill level 14 in Dodging
   588 | D        | Entered arena 14.
   593 | D        | Noticed a hell hog
   596 | D        | Noticed a hell hog
   598 | D        | Found a transporter.
   604 | D        | Killed a hell hog
   606 | D        | Killed a hell hog
   630 | D        | Entered arena 15.
   631 | D        | Noticed a merfolk javelineer
   631 | D        | Noticed a satyr
   631 | D        | Noticed a merfolk aquamancer
   632 | D        | Noticed a merfolk impaler
   632 | D        | Noticed a merfolk javelineer
   643 | D        | Reached skill level 15 in Shields
   649 | D        | Reached skill level 15 in Armour
   649 | D        | Reached skill level 16 in Invocations
   652 | D        | Killed a merfolk aquamancer
   652 | D        | Reached skill level 13 in Fighting
   652 | D        | Reached skill level 15 in Axes
   655 | D        | Killed a satyr
   656 | D        | Found a transporter.
   659 | D        | Killed a merfolk javelineer
   659 | D        | Reached skill level 15 in Dodging
   671 | D        | Killed a merfolk impaler
   678 | D        | Killed a merfolk javelineer
   680 | D        | Killed a merfolk impaler
   812 | D        | Entered arena 16.
   813 | D        | Noticed a fire dragon
   813 | D        | Noticed a purple very ugly thing
   814 | D        | Noticed a green very ugly thing
   815 | D        | Found a transporter.
   820 | D        | Reached XP level 13. HP: 133/133 MP: 24/24
   822 | D        | Noticed an ettin
   822 | D        | a fire dragon changed into an ettin
   828 | D        | Killed a purple very ugly thing
   828 | D        | Reached skill level 17 in Invocations
   828 | D        | Killed an ettin
   828 | D        | Gained mutation: You expend magic power (3 MP) to strengthen your wands. [a neqoxec]
   830 | D        | Reached skill level 16 in Axes
   830 | D        | Reached skill level 16 in Armour
   830 | D        | Gained mutation: Your magical capacity is low. (-10% MP) [a neqoxec]
   832 | D        | Killed a green very ugly thing
   832 | D        | Reached skill level 14 in Fighting
   832 | D        | Reached skill level 16 in Dodging
   840 | D        | Got the ring of the Bruised Scars {Ice Int+8}
   849 | D        | Entered arena 17.
   852 | D        | Noticed a spark wasp
   854 | D        | Found a transporter.
   862 | D        | Killed a spark wasp
   864 | D        | Reached skill level 18 in Invocations
   915 | D        | Entered arena 18.
   920 | D        | Found a transporter.
   931 | D        | Reached skill level 17 in Armour
   934 | D        | Reached skill level 17 in Axes
  1082 | D        | Entered arena 19.
  1085 | D        | Noticed an emperor scorpion
  1085 | D        | Noticed an emperor scorpion
  1085 | D        | Noticed a spark wasp
  1086 | D        | Noticed a ghost moth
  1086 | D        | Noticed a spark wasp
  1086 | D        | Noticed a spark wasp
  1087 | D        | Found the cursed -5 robe of Misfortune {-Cast *Contam *Tele *Drain EV-5 Stlth-- *Curse}
  1087 | D        | Found a transporter.
  1094 | D        | Killed a spark wasp
  1094 | D        | Reached skill level 17 in Dodging
  1095 | D        | Killed a ghost moth
  1096 | D        | Reached skill level 15 in Fighting
  1096 | D        | Reached skill level 19 in Invocations
  1098 | D        | Killed a spark wasp
  1102 | D        | Killed a spark wasp
  1108 | D        | Killed an emperor scorpion
  1108 | D        | Gained mutation: You resist negative energy. (rN+) [Deep Dwarf growth]
  1108 | D        | Reached XP level 14. HP: 147/147 MP: 1/23
  1109 | D        | Killed an emperor scorpion
  1123 | D        | Got the cursed -5 robe of Misfortune {-Cast *Contam *Tele *Drain EV-5 Stlth-- *Curse}
  1232 | D        | Entered arena 20.
  1237 | D        | Noticed a quicksilver dragon
  1237 | D        | Noticed an iron dragon
  1237 | D        | Noticed a stone giant
  1237 | D        | Noticed an iron dragon
  1237 | D        | Noticed a quicksilver dragon
  1238 | D        | Noticed an iron dragon
  1239 | D        | Found a transporter.
  1251 | D        | Killed a quicksilver dragon
  1251 | D        | Reached skill level 18 in Axes
  1251 | D        | Reached skill level 18 in Armour
  1256 | D        | Killed an iron dragon
  1257 | D        | Reached skill level 18 in Dodging
  1258 | D        | Reached skill level 20 in Invocations
  1262 | D        | Killed a stone giant
  1263 | D        | Killed a quicksilver dragon
  1264 | D        | Reached skill level 16 in Fighting
  1282 | D        | Killed an iron dragon
  1288 | D        | Killed an iron dragon
  1288 | D        | Reached skill level 19 in Armour
  1297 | D        | Entered arena 21.
  1311 | D        | Noticed an entropy weaver
  1313 | D        | Reached skill level 19 in Axes
  1315 | D        | Reached skill level 21 in Invocations
  1325 | D        | Reached skill level 19 in Dodging
  1330 | D        | Killed an entropy weaver
  1347 | D        | Found a transporter.
  1383 | D        | Entered arena 22.
  1387 | D        | Noticed a glowing shapeshifter
  1387 | D        | Noticed a shard shrike
  1387 | D        | Noticed a glowing shapeshifter
  1388 | D        | Noticed a titan
  1388 | D        | Noticed a shard shrike
  1389 | D        | Noticed a shard shrike
  1389 | D        | Noticed a juggernaut
  1389 | D        | a shard shrike changed into a juggernaut
  1389 | D        | Noticed a juggernaut
  1389 | D        | a shard shrike changed into a juggernaut
  1389 | D        | Noticed a juggernaut
  1389 | D        | a glowing shapeshifter changed into a juggernaut
  1390 | D        | Noticed a shard shrike
  1390 | D        | a juggernaut changed into a shard shrike
  1390 | D        | Noticed a shard shrike
  1390 | D        | a titan changed into a shard shrike
  1390 | D        | Noticed an iron giant
  1390 | D        | a juggernaut changed into an iron giant
  1390 | D        | Noticed a juggernaut
  1390 | D        | a shard shrike changed into a juggernaut
  1390 | D        | Noticed a juggernaut
  1390 | D        | a glowing shapeshifter changed into a juggernaut
  1391 | D        | Noticed a shard shrike
  1391 | D        | a juggernaut changed into a shard shrike
  1393 | D        | Noticed a juggernaut
  1393 | D        | a shard shrike changed into a juggernaut
  1394 | D        | Noticed a juggernaut
  1394 | D        | a shard shrike changed into a juggernaut
  1394 | D        | Noticed an iron dragon
  1394 | D        | an iron giant changed into an iron dragon
  1394 | D        | Noticed a titan
  1394 | D        | a juggernaut changed into a titan
  1395 | D        | Noticed a juggernaut
  1395 | D        | a shard shrike changed into a juggernaut
  1395 | D        | Noticed a shard shrike
  1395 | D        | a juggernaut changed into a shard shrike
  1397 | D        | Noticed an entropy weaver
  1398 | D        | an entropy weaver changed into a six-headed hydra
  1398 | D        | Noticed a shard shrike
  1398 | D        | a titan changed into a shard shrike
  1400 | D        | Noticed a stone giant
  1400 | D        | an iron troll changed into a stone giant
  1400 | D        | Noticed a titan
  1400 | D        | a juggernaut changed into a titan
  1400 | D        | Noticed a titan
  1400 | D        | a shard shrike changed into a titan
  1402 | D        | Noticed an azure jelly
  1402 | D        | a stone giant changed into an azure jelly
  1404 | D        | Noticed a titan
  1404 | D        | a juggernaut changed into a titan
  1404 | D        | Noticed a juggernaut
  1404 | D        | a shard shrike changed into a juggernaut
  1404 | D        | Noticed a shard shrike
  1404 | D        | a titan changed into a shard shrike
  1406 | D        | Reached skill level 17 in Fighting
  1406 | D        | Noticed a titan
  1406 | D        | an iron dragon changed into a titan
  1406 | D        | Noticed a juggernaut
  1406 | D        | a titan changed into a juggernaut
  1408 | D        | Noticed an iron giant
  1408 | D        | a juggernaut changed into an iron giant
  1410 | D        | Noticed a titan
  1410 | D        | a juggernaut changed into a titan
  1410 | D        | Noticed an iron dragon
  1410 | D        | an iron giant changed into an iron dragon
  1410 | D        | Killed a shard shrike
  1410 | D        | Reached XP level 15. HP: 160/160 MP: 24/25
  1413 | D        | Noticed a shard shrike
  1413 | D        | a titan changed into a shard shrike
  1414 | D        | Killed a titan
  1414 | D        | Reached skill level 22 in Invocations
  1415 | D        | Noticed a caustic shrike
  1415 | D        | a shard shrike changed into a caustic shrike
  1415 | D        | Noticed an acid blob
  1415 | D        | an iron dragon changed into an acid blob
  1419 | D        | Noticed a golden dragon
  1419 | D        | a caustic shrike changed into a golden dragon
  1419 | D        | Noticed a quicksilver dragon
  1419 | D        | an azure jelly changed into a quicksilver dragon
  1421 | D        | Noticed a caustic shrike
  1421 | D        | an acid blob changed into a caustic shrike
  1421 | D        | Noticed a titan
  1421 | D        | a juggernaut changed into a titan
  1422 | D        | Reached skill level 20 in Armour
  1423 | D        | Noticed an acid blob
  1423 | D        | a titan changed into an acid blob
  1425 | D        | Reached skill level 20 in Axes
  1425 | D        | Killed an acid blob
  1425 | D        | Reached skill level 18 in Fighting
  1425 | D        | Noticed a caustic shrike
  1425 | D        | a golden dragon changed into a caustic shrike
  1429 | D        | Reached skill level 20 in Dodging
  1429 | D        | Noticed a ghost moth
  1429 | D        | an alligator changed into a ghost moth
  1429 | D        | Noticed a quicksilver dragon
  1429 | D        | a caustic shrike changed into a quicksilver dragon
  1432 | D        | a caustic shrike changed into a stone giant
  1432 | D        | Noticed a shard shrike
  1432 | D        | a titan changed into a shard shrike
  1433 | D        | Noticed a frost giant
  1433 | D        | a stone giant changed into a frost giant
  1433 | D        | a ghost moth changed into a death yak
  1434 | D        | Killed a quicksilver dragon
  1435 | D        | Killed a quicksilver dragon
  1439 | D        | Killed a shard shrike
  1439 | D        | Reached skill level 19 in Fighting
  1439 | D        | Noticed a quicksilver dragon
  1439 | D        | a dire elephant changed into a quicksilver dragon
  1441 | D        | Killed a frost giant
  1441 | D        | Reached skill level 23 in Invocations
  1447 | D        | Killed a quicksilver dragon
  1453 | D        | Found a transporter.
  1466 | D        | Got the ring of Omevas {+Inv rElec rC+++ Dex+5 Stlth-}
  1493 | D        | Entered arena 23.
  1503 | D        | Noticed a deep elf sorcerer
  1503 | D        | Noticed a deep elf sorcerer
  1503 | D        | Noticed a deep elf sorcerer
  1504 | D        | Found the ring of the Mage {Wiz MR++ Int+3}
  1504 | D        | Noticed a deep elf blademaster
  1504 | D        | Noticed a deep elf master archer
  1504 | D        | Identified the +6 falchion of Hyatuymi {slice, -Tele +Rage rF++}
  1505 | D        | Noticed a deep elf master archer
  1510 | D        | Reached skill level 21 in Armour
  1513 | D        | Reached skill level 21 in Axes
  1515 | D        | Killed a deep elf master archer
  1515 | D        | Reached skill level 21 in Dodging
  1516 | D        | Killed a deep elf blademaster
  1517 | D        | Reached skill level 20 in Fighting
  1518 | D        | Killed a deep elf sorcerer
  1524 | D        | Killed a deep elf master archer
  1527 | D        | Reached skill level 24 in Invocations
  1548 | D        | Killed a deep elf sorcerer
  1552 | D        | Killed a deep elf sorcerer
  1552 | D        | Reached skill level 22 in Armour
  1552 | D        | Reached XP level 16. HP: 180/180 MP: 28/28
  1560 | D        | Reached skill level 22 in Axes
  1574 | D        | Found a transporter.
  1585 | D        | Got the cursed +0 leather armour "Kolagh" {rElec rF+ rCorr}
  1610 | D        | Got a glittering turquoise ring
  1611 | D        | Identified the ring "Jiofuehu" {rPois rC+} (You acquired it in the Dungeon)
  1620 | D        | Entered arena 24.
  1628 | D        | Noticed an acid blob
  1628 | D        | Noticed an acid blob
  1629 | D        | Noticed an acid blob
  1630 | D        | Found the +8 Wrath of Trog {antimagic, *Rage}
  1630 | D        | Found the +2 pair of boots of the Assassin {Detection Stab+ Stlth++}
  1630 | D        | Noticed an acid blob
  1630 | D        | Noticed an acid blob
  1631 | D        | Found the macabre finger necklace {rN+}
  1636 | D        | Killed an acid blob
  1636 | D        | Reached skill level 22 in Dodging
  1640 | D        | Reached skill level 25 in Invocations
  1640 | D        | Gained mutation: You are very weak. (Str -4) [a shining eye]
  1642 | D        | Killed an acid blob
  1642 | D        | Reached skill level 21 in Fighting
  1648 | D        | Killed an acid blob
  1650 | D        | Killed an acid blob
  1652 | D        | Killed an acid blob
  1652 | D        | Reached skill level 23 in Armour
  1653 | D        | Reached skill level 23 in Axes
  1657 | D        | Reached skill level 23 in Dodging
  1661 | D        | Reached skill level 26 in Invocations
  1662 | D        | Gained mutation: Your body sometimes deteriorates upon taking damage. [a shining eye]
  1684 | D        | Found a transporter.
  1691 | D        | Got the ring "Nify" {Wiz rElec rN+ Str+5}
  1748 | D        | Entered arena 25.
  1759 | D        | Noticed a shard shrike
  1760 | D        | Noticed a titan
  1760 | D        | a shard shrike changed into a titan
  1761 | D        | Noticed a juggernaut
  1761 | D        | a titan changed into a juggernaut
  1761 | D        | Reached skill level 1 in Stealth
  1762 | D        | Noticed a titan
  1762 | D        | Noticed a titan
  1762 | D        | Noticed an acid blob
  1762 | D        | a titan changed into an acid blob
  1764 | D        | Noticed a shard shrike
  1764 | D        | a titan changed into a shard shrike
  1768 | D        | Reached skill level 2 in Stealth
  1769 | D        | Noticed a caustic shrike
  1769 | D        | Noticed a titan
  1769 | D        | a juggernaut changed into a titan
  1770 | D        | Noticed an iron giant
  1772 | D        | Noticed a caustic shrike
  1772 | D        | an iron dragon changed into a caustic shrike
  1773 | D        | Paralysed by a floating eye for 4 turns
  1774 | D        | Noticed a shadow dragon
  1774 | D        | a caustic shrike changed into a shadow dragon
  1774 | D        | Noticed an iron giant
  1774 | D        | an acid blob changed into an iron giant
  1775 | D        | Noticed a shadow dragon
  1775 | D        | an iron giant changed into a shadow dragon
  1775 | D        | Noticed a juggernaut
  1775 | D        | a titan changed into a juggernaut
  1775 | D        | Noticed a juggernaut
  1775 | D        | a shard shrike changed into a juggernaut
  1776 | D        | Noticed a shard shrike
  1776 | D        | a juggernaut changed into a shard shrike
  1777 | D        | Noticed an acid blob
  1777 | D        | Noticed a quicksilver dragon
  1777 | D        | a shadow dragon changed into a quicksilver dragon
  1777 | D        | Noticed a titan
  1777 | D        | a shard shrike changed into a titan
  1777 | D        | an iron giant changed into an iron dragon
  1778 | D        | Noticed a golden dragon
  1778 | D        | a shadow dragon changed into a golden dragon
  1778 | D        | Noticed a quicksilver dragon
  1778 | D        | an acid blob changed into a quicksilver dragon
  1779 | D        | Noticed a shard shrike
  1779 | D        | a juggernaut changed into a shard shrike
  1779 | D        | Killed a quicksilver dragon
  1779 | D        | Reached skill level 3 in Stealth
  1780 | D        | Noticed an iron giant
  1780 | D        | a golden dragon changed into an iron giant
  1780 | D        | Noticed a juggernaut
  1780 | D        | a shard shrike changed into a juggernaut
  1780 | D        | a quicksilver dragon changed into a fire giant
  1780 | D        | Noticed a shard shrike
  1780 | D        | a titan changed into a shard shrike
  1780 | D        | Noticed an iron giant
  1780 | D        | an iron dragon changed into an iron giant
  1781 | D        | an iron giant changed into an iron dragon
  1781 | D        | an iron giant changed into an iron dragon
  1782 | D        | Noticed a titan
  1782 | D        | a juggernaut changed into a titan
  1783 | D        | Noticed an acid blob
  1783 | D        | an iron dragon changed into an acid blob
  1783 | D        | Noticed a shadow dragon
  1783 | D        | a fire giant changed into a shadow dragon
  1783 | D        | Noticed a shadow dragon
  1783 | D        | a caustic shrike changed into a shadow dragon
  1783 | D        | Noticed a golden dragon
  1783 | D        | an iron dragon changed into a golden dragon
  1784 | D        | Noticed a shard shrike
  1784 | D        | an acid blob changed into a shard shrike
  1785 | D        | Noticed a juggernaut
  1785 | D        | a titan changed into a juggernaut
  1785 | D        | HP: 43/183 [golden dragon (glowing shapeshifter) (3)]
  1786 | D        | Noticed a caustic shrike
  1786 | D        | Noticed a titan
  1786 | D        | a juggernaut changed into a titan
  1787 | D        | Noticed a golden dragon
  1787 | D        | a shadow dragon changed into a golden dragon
  1787 | D        | Noticed a shadow dragon
  1787 | D        | a golden dragon changed into a shadow dragon
  1788 | D        | a shadow dragon changed into an alligator snapping turtle
  1788 | D        | Noticed a juggernaut
  1788 | D        | a shard shrike changed into a juggernaut
  1789 | D        | Noticed a golden dragon
  1789 | D        | a shard shrike changed into a golden dragon
  1789 | D        | Noticed a shadow dragon
  1789 | D        | an alligator snapping turtle changed into a shadow dragon
  1789 | D        | Noticed a titan
  1789 | D        | a juggernaut changed into a titan
  1789 | D        | a shadow dragon changed into a stone giant
  1790 | D        | Noticed an acid blob
  1790 | D        | a titan changed into an acid blob
  1791 | D        | Noticed an iron giant
  1791 | D        | a caustic shrike changed into an iron giant
  1791 | D        | Noticed an acid blob
  1791 | D        | a shadow dragon changed into an acid blob
  1791 | D        | Noticed a shadow dragon
  1791 | D        | an acid blob changed into a shadow dragon
  1791 | D        | Paralysed by a floating eye for 3 turns
  1792 | D        | Noticed an iron giant
  1792 | D        | an acid blob changed into an iron giant
  1792 | D        | a shadow dragon changed into an alligator snapping turtle
  1793 | D        | Noticed an acid blob
  1793 | D        | a golden dragon changed into an acid blob
  1793 | D        | Gained mutation: You are dopey. (Int -2) [a shining eye]
  1794 | D        | a golden dragon changed into an iron dragon
  1794 | D        | Noticed a juggernaut
  1794 | D        | a titan changed into a juggernaut
  1794 | D        | Noticed a titan
  1794 | D        | a juggernaut changed into a titan
  1794 | D        | Noticed a sphinx
  1794 | D        | an iron giant changed into a sphinx
  1795 | D        | Noticed a juggernaut
  1795 | D        | a titan changed into a juggernaut
  1796 | D        | Noticed a shard shrike
  1796 | D        | a juggernaut changed into a shard shrike
  1796 | D        | Noticed a caustic shrike
  1796 | D        | an acid blob changed into a caustic shrike
  1797 | D        | Noticed a sphinx
  1797 | D        | a frost giant changed into a sphinx
  1798 | D        | a sphinx changed into an alligator snapping turtle
  1798 | D        | Noticed a juggernaut
  1798 | D        | a shard shrike changed into a juggernaut
  1798 | D        | Noticed a storm dragon
  1798 | D        | an emperor scorpion changed into a storm dragon
  1798 | D        | Noticed a quicksilver dragon
  1798 | D        | a frost giant changed into a quicksilver dragon
  1799 | D        | Reached skill level 4 in Stealth
  1800 | D        | Noticed a caustic shrike
  1800 | D        | an iron giant changed into a caustic shrike
  1800 | D        | Noticed an acid blob
  1800 | D        | a caustic shrike changed into an acid blob
  1800 | D        | a storm dragon changed into an emperor scorpion
  1803 | D        | a sphinx changed into a frost giant
  1803 | D        | a quicksilver dragon changed into a fire giant
  1805 | D        | Killed an acid blob
  1806 | D        | Reached skill level 22 in Fighting
  1806 | D        | Reached skill level 5 in Stealth
  1810 | D        | Noticed an acid blob
  1810 | D        | a caustic shrike changed into an acid blob
  1810 | D        | Noticed a golden dragon
  1810 | D        | a juggernaut changed into a golden dragon
  1811 | D        | Reached skill level 6 in Stealth
  1811 | D        | Paralysed by a floating eye for 3 turns
  1814 | D        | Noticed a shadow dragon
  1814 | D        | a golden dragon changed into a shadow dragon
  1816 | D        | Noticed a golden dragon
  1816 | D        | a shadow dragon changed into a golden dragon
  1817 | D        | an acid blob changed into a stone giant
  1818 | D        | Reached skill level 7 in Stealth
  1819 | D        | Noticed a shadow dragon
  1819 | D        | a stone giant changed into a shadow dragon
  1819 | D        | Noticed a caustic shrike
  1819 | D        | a golden dragon changed into a caustic shrike
  1819 | D        | Noticed a storm dragon
  1819 | D        | an emperor scorpion changed into a storm dragon
  1821 | D        | Noticed an iron giant
  1821 | D        | a caustic shrike changed into an iron giant
  1823 | D        | a shadow dragon changed into an iron troll
  1826 | D        | Noticed an acid blob
  1826 | D        | an iron giant changed into an acid blob
  1827 | D        | Reached skill level 24 in Axes
  1827 | D        | Reached skill level 24 in Armour
  1827 | D        | Reached skill level 8 in Stealth
  1831 | D        | Killed a storm dragon
  1831 | D        | Reached skill level 24 in Dodging
  1831 | D        | Reached skill level 27 in Invocations
  1833 | D        | Reached XP level 17. HP: 186/192 MP: 1/25
  1834 | D        | Killed an acid blob
  1834 | D        | Reached skill level 9 in Stealth
  1842 | D        | Reached skill level 10 in Stealth
  1847 | D        | Found the +3 Elemental Staff {rElec rF++ rC++ MR++ AC+5}
  1848 | D        | Found a transporter.
  1858 | D        | Got the ring "Soramyek" {rCorr *Corrode rC+ Int+6 Slay+2}
  1958 | D        | Entered arena 26.
  1980 | D        | Found the +10 zealot's sword {holy, *Rage rN+ EV+3}
  1988 | D        | Reached skill level 1 in Spellcasting
  1992 | D        | Reached skill level 2 in Spellcasting
  1993 | D        | Reached skill level 11 in Stealth
  1999 | D        | Reached skill level 3 in Spellcasting
  2003 | D        | Reached skill level 16 in Shields
  2019 | D        | Reached skill level 12 in Stealth
  2019 | D        | Reached skill level 4 in Spellcasting
  2025 | D        | Reached skill level 17 in Shields
  2027 | D        | Reached skill level 5 in Spellcasting
  2030 | D        | Reached skill level 13 in Stealth
  2031 | D        | Reached skill level 23 in Fighting
  2033 | D        | Reached skill level 25 in Axes
  2033 | D        | Reached skill level 25 in Armour
  2043 | D        | Reached skill level 25 in Dodging
  2043 | D        | Reached skill level 18 in Shields
  2047 | D        | Reached skill level 14 in Stealth
  2061 | D        | Reached skill level 19 in Shields
  2067 | D        | Reached skill level 15 in Stealth
  2072 | D        | Found the +3 giant club "Skullcrusher" {speed, Str+7}
  2083 | D        | Found a transporter.
  2106 | D        | Entered arena 27.
  2114 | D        | Noticed a quicksilver dragon
  2116 | D        | Noticed a golden dragon
  2116 | D        | Noticed a golden dragon
  2118 | D        | Noticed a golden dragon
  2118 | D        | Noticed a quicksilver dragon
  2119 | D        | Noticed a golden dragon
  2121 | D        | Noticed a quicksilver dragon
  2136 | D        | Killed a golden dragon
  2137 | D        | Killed a golden dragon
  2137 | D        | Reached skill level 16 in Stealth
  2143 | D        | Killed a quicksilver dragon
  2143 | D        | Reached skill level 26 in Axes
  2143 | D        | Reached skill level 26 in Armour
  2143 | D        | Reached skill level 20 in Shields
  2148 | D        | Reached skill level 26 in Dodging
  2148 | D        | Gained mutation: You passively map a large area around you. [Deep Dwarf growth]
  2148 | D        | Reached XP level 18. HP: 207/207 MP: 25/25
  2150 | D        | Killed a golden dragon
  2150 | D        | Reached skill level 24 in Fighting
  2150 | D        | Reached skill level 17 in Stealth
  2151 | D        | Killed a golden dragon
  2162 | D        | Reached skill level 18 in Stealth
  2167 | D        | Reached skill level 21 in Shields
  2178 | D        | Found a transporter.
  2206 | D        | Got the amulet "Yfesoxex" {Harm *Drain rF+ rC+ Dex+2 Stlth-}
  2220 | D        | Got the ring of the Meadowlark {rPois rF+++ rN+ Str-5 Dex+2}
  2231 | D        | Entered arena 28.
  2245 | D        | Noticed a lich
  2246 | D        | Noticed a greater mummy
  2247 | D        | Noticed a greater mummy
  2248 | D        | Noticed a greater mummy
  2254 | D        | Noticed a greater mummy
  2254 | D        | HP: 48/210 [flayed ghost/flay_damage[a greater mummy] (22)]
  2255 | D        | Noticed a greater mummy
  2255 | D        | Killed a lich
  2256 | D        | Noticed a greater mummy
  2256 | D        | Noticed a greater mummy
  2257 | D        | HP: 20/210 [greater mummy/divine providence (12)]
  2260 | D        | Slain by a guardian mummy

Skill      XL: |  1  2  3  4  5  6  7  8  9 10 11 12 13 14 15 16 17 18 |
---------------+-------------------------------------------------------+-----
Fighting       | 4 5 6 7 8 9 10 12 13 15 17 20 22 23 24 | 24.5
Axes           | 4 6 7 9 11 12 14 15 17 19 21 24 26 | 26.9
Armour         | 4 6 7 9 10 11 12 14 15 17 19 22 24 26 | 26.9
Dodging        | 3 5 6 8 9 10 12 13 15 17 19 21 24 26 | 26.8
Shields        | 4 6 7 9 10 11 12 14 15 20 21 | 21.4
Invocations    | 1 4 7 9 10 12 14 16 19 21 24 27 | 27.0
Stealth        | 8 16 18 | 18.8
Spellcasting   | 5 |  5.4

Action                   |  1- 3 |  4- 6 |  7- 9 | 10-12 | 13-15 | 16-18 || total
-------------------------+-------+-------+-------+-------+-------+-------++-------
Melee: Broad axe         |     1 |    10 |    25 |   141 |   256 |   270 ||   703
Invok: Greater Servant o |       |       |       |       |       |     3 ||     3
 Abil: Heal Wounds       |       |       |       |     2 |     2 |    21 ||    25
       Evoke Flight      |       |       |       |     1 |       |       ||     1
  Use: Potion            |     1 |       |       |     1 |     1 |       ||     3
       Scroll            |       |       |       |     2 |       |     2 ||     4
 Stab: Distracted        |       |       |     1 |     4 |     9 |    11 ||    25
  Eat: Chunk             |       |       |       |       |     1 |     1 ||     2
       Ration            |       |       |       |       |     1 |       ||     1
Armor: Plate armour      |       |     8 |    11 |    74 |   158 |   340 ||   591
Dodge: Dodged            |       |     2 |     7 |    50 |   152 |   361 ||   572
Block: Shield            |       |    17 |    39 |   298 |   639 |   830 ||  1823
       Reflection        |       |       |       |       |    36 |    15 ||    51

Vault maps used:
D:        sprint_v

Table legend:
 A = Turns spent in this place as a percentage of turns spent in the entire game.
 B = Non-inter-level travel turns spent in this place as a percentage of non-inter-level travel turns spent in the entire game.
 C = Inter-level travel turns spent in this place as a percentage of turns spent in this place.
 D = Turns resting spent in this place as a percentage of non-inter-level travel turns spent in this place.
 E = Turns spent auto-exploring this place as a percentage of non-inter-level travel turns spent in this place.
 F = Non-inter-level travel turns spent in this place divided by the number of levels of this place that you've seen.
                   A       B       C       D       E      F
               +-------+-------+-------+-------+-------+----------------------
         Total | 100.0 | 100.0 |   0.0 |  23.7 |   1.7 | 2260.0
       Dungeon | 100.0 | 100.0 |   0.0 |  23.7 |   1.7 | 2260.0
               +-------+-------+-------+-------+-------+----------------------

Table legend:
 A = Kills in this place as a percentage of kills in entire the game.
 B = Kills by you in this place as a percentage of kills by you in the entire game.
 C = Kills by friends in this place as a percentage of kills by friends in the entire game.
 D = Other kills in this place as a percentage of other kills in the entire game.
 E = Experience gained in this place as a percentage of experience gained in the entire game.
 F = Experience gained in this place divided by the number of levels of this place that you have seen.
                   A       B       C       D       E      F
               +-------+-------+-------+-------+-------+----------------------
         Total | 100.0 | 100.0 | 100.0 | 100.0 | 100.0 | 324426.0
       Dungeon | 100.0 | 100.0 | 100.0 | 100.0 | 100.0 | 324426.0
               +-------+-------+-------+-------+-------+----------------------
